 Dungeon Crawl Stone Soup version 0.16.1-7-g2c6721e (webtiles) character file.

100 jacksonaction the Covered (level 4, -2/35 (40) HPs)
             Began as a Minotaur Fighter on Mar 29, 2015.
             Succumbed to an orc wizard's poison
             ... on level 2 of the Dungeon.
             The game lasted 00:10:03 (1434 turns).

jacksonaction the Covered (Minotaur Fighter)        Turns: 1434, Time: 00:10:03

HP:   -2/35 (40)    AC:  9    Str: 21    XL:     4   Next: 47%
MP:   2/2           EV:  6    Int:  5    God:
Gold: 78            SH:  9    Dex: 10    Spells: 0 memorised, 3 levels left

rFire  + . .     SeeInvis .     a - +0 trident
rCold  . . .     Clarity  .     u - +0 chain mail
rNeg   . . .     SustAb   .     c - +0 shield
rPois  .         Gourm    .     (helmet restricted)
rElec  .         Spirit   .     (no cloak)
rCorr  .         Warding  .     (no gloves)
rMut   .         Stasis   +     (no boots)
MR     .....                    m - amulet of stasis
Stlth  ..........               (no ring)
                                o - ring of protection from fire

@: lethally poisoned (-2 -> -40), not resistant to hostile enchantments,
extremely unstealthy
A: retaliatory headbutt, horns 2
a: no special abilities


You were on level 2 of the Dungeon.
You were not hungry.

You visited 1 branch of the dungeon, and saw 3 of its levels.

You collected 78 gold pieces.

Inventory:

Hand weapons
 a - a +0 trident (weapon)
Missiles
 g - 20 stones (quivered)
Armour
 c - a +0 shield (worn)
 u - a +0 chain mail (worn)
Jewellery
 m - an amulet of stasis (around neck)
 o - a ring of protection from fire (left hand)
 q - an uncursed amulet of faith
Scrolls
 b - a scroll of enchant weapon {unknown}
 h - a scroll of teleportation {unknown}
 k - a scroll of noise {unknown}
 r - a scroll of random uselessness {unknown}
 s - a scroll of enchant armour {unknown}
 v - a scroll of remove curse {unknown}
Potions
 e - a potion of might
 i - a potion of decay
 l - a potion of restore abilities {unknown}
 n - a potion of curing {unknown}
 p - a potion of poison {unknown}
 t - a potion of heal wounds {unknown}
Comestibles
 d - 4 bread rations
 f - 2 beef jerkies
 j - 2 meat rations


   Skills:
 + Level 4.3 Fighting
 + Level 2.8 Polearms
 + Level 4.7 Armour
 + Level 1.3 Dodging
 + Level 4.4 Shields


You had 3 spell levels left.
You didn't know any spells.

Dungeon Overview and Level Annotations

Branches:
Dungeon (3/15)

Altars:


Innate Abilities, Weirdness & Mutations

You reflexively headbutt those who attack you in melee.
You have a pair of horns on your head.


Message History

* * * LOW HITPOINT WARNING * * *
You feel very sick. Something completely misses you.
The orc hits you but does no damage.
You hit the orc.
You kill the orc!
* * * LOW HITPOINT WARNING * * *
You feel very sick. Something hits you but does no damage. Something hits you.
* * * LOW HITPOINT WARNING * * *
You are more poisoned.
You closely miss something.
* * * LOW HITPOINT WARNING * * *
You feel very sick. Something hits you.
* * * LOW HITPOINT WARNING * * *
You are more poisoned.
Drink which item? (? for menu, Esc to quit)
It was a potion of decay.
You feel your flesh rotting away!
You die...

##....# .<....#
##....#####
......'...#
......###.# ......#
#.########## ..)...#
#..........#
.##############)####
...............%@#
#############.#{## #
#...# # #.### # ###
###############
#.............#
#.............#
#........(....#


There were no monsters in sight!

Vanquished Creatures
  2 adders (D:2)
  4 worms (D:2)
  A giant gecko (D:3)
  An ooze (D:1)
  6 orcs
  7 bats
  4 giant cockroaches
  7 hobgoblins
  8 jackals
  2 quokkas (D:2)
  3 giant newts (D:2)
  4 goblins
  A kobold (D:1)
  5 rats
55 creatures vanquished.

Notes
Turn   | Place    | Note
--------------------------------------------------------------
     0 | D:1      | jacksonaction, the Minotaur Fighter, began the quest for the Orb.
     0 | D:1      | Reached XP level 1. HP: 19/19 MP: 1/1
   222 | D:1      | Reached XP level 2. HP: 27/27 MP: 1/1
   271 | D:1      | Reached skill level 4 in Fighting
   781 | D:2      | Reached XP level 3. HP: 33/33 MP: 2/2
  1089 | D:2      | Reached skill level 1 in Dodging
  1149 | D:2      | Reached XP level 4. HP: 40/40 MP: 2/2
  1433 | D:2      | HP: 1/40 [something (3)]
  1434 | D:2      | Succumbed to an orc wizard's poison

Action                   |  1- 3 |  4- 6 || total
-------------------------+-------+-------++-------
Melee: Trident           |   116 |    39 ||   155
  Use: Potion            |       |     1 ||     1
  Eat: Chunk             |     1 |     1 ||     2
